 Dungeon Crawl Stone Soup version 0.31.0-9-g3a7656b989 (webtiles) character file.

Game seed: 4306332051691555089

43 qw the Shooter (level 3, -3/18 HPs)
             Began as a Spriggan Hunter on Feb 2, 2024.
             Slain by an orc priest
             ... wielding a +0 flail
              (9 damage)
             ... on level 2 of the Dungeon.
             The game lasted 00:00:04 (1225 turns).

qw the Shooter (Spriggan Hunter)                    Turns: 1225, Time: 00:00:04

Health: -3/18      AC:  2    Str:  7    XL:     3   Next: 37%
Magic:  4/4        EV: 19    Int: 10    God:
Gold:   139        SH:  0    Dex: 20    Spells: 2/2 levels left

rFire   . . .        a - +1 shortbow
rCold   . . .        (shield currently unavailable)
rNeg    . . .        c - +0 robe
rPois   .            (helmet restricted)
rElec   .            (no cloak)
rCorr   .            (gloves unavailable)
SInv    +            (boots unavailable)
Will    .....        (no amulet)
Stlth   ++           (no ring)
HPRegen 0.23/turn    (no ring)
MPRegen 0.09/turn

%: no passive effects
@: brilliant, very quick
A: very small, no large weapons, unfitting armour, see invisible, speed 3
a: no special abilities


You were on level 2 of the Dungeon.
You visited 1 branch of the dungeon, and saw 3 of its levels.

You collected 139 gold pieces.


Innate Abilities, Weirdness & Mutations

You are very small and have problems with some larger weapons.
You are too small for most types of armour.
You have supernaturally acute eyesight. (SInv)
You cover ground extremely quickly. (Speed+++)


   Skills:
 - Level 1.5 Fighting
 + Level 4.7 Ranged Weapons
 - Level 4.0 Dodging
 - Level 1.5 Stealth


You had 2 spell levels left.
You didn't know any spells.
Your spell library was empty.

Inventory:

Hand Weapons
 a - a +1 shortbow (weapon)
Armour
 c - a +0 robe (worn)
Scrolls
 e - a scroll of teleportation
 f - a scroll of enchant armour
Potions
 b - a potion of enlightenment {unknown}
 g - a potion of curing {unknown}
 i - a potion of degeneration {unknown}
 k - a potion of heal wounds {unknown}

Dungeon Overview and Level Annotations

Branches:
Dungeon (3/15)

Altars:
Dithmenos


Message History

As you read the scroll labelled WITOSI AGOX, it crumbles to dust.
It is a scroll of enchant armour.
1206 ||| ENCHANTING +1 shortbow.
Done exploring.
1207 ||| READING scroll labelled SAMEAB VYUMM.
As you read the scroll labelled SAMEAB VYUMM, it crumbles to dust.
The air around you briefly surges with heat, but it dissipates.
It was a scroll of immolation.
Done exploring.
1208 ||| DRINKING 2 emerald potions.
It was a potion of brilliance.
You feel clever all of a sudden.
Done exploring.
1209 ||| DROPPING potion of brilliance.
You drop a potion of brilliance.
Done exploring.
What level of the Dungeon? (default 2, ? - help)
There is a stone staircase leading down here.
You climb downwards.
The orc shouts! x2; The ball python hisses angrily.
The orc shouts! x2
The orc priest shouts!
Found a stone staircase leading down.
There is a stone staircase leading up here.
There are monsters nearby!
Waypoint 2 assigned to D:3.
1221 ||| STAIRDANCE The orc closely misses you.
The orc priest misses you.
You climb upwards.
There is a stone staircase leading down here.
You shoot an arrow.
The arrow hits the orc priest but does no damage.
The orc closely misses you. The orc priest barely misses you.
You shoot an arrow. The arrow hits the orc priest.
The orc priest is moderately wounded.
The orc closely misses you.
The orc priest mumbles some strange prayers to Beogh against you.
Beogh smites you!
Ouch! That really hurt!
You shoot an arrow. The arrow barely misses the orc priest.
The orc barely misses you.
The orc priest hits you with a +0 flail!
Ouch! That really hurt!
You die...

####.#.###.##...#.###...#####
######.<.###....#...###........
#.........##..####.............
#..######......................
###...#####....................>
#...................#..#........
#...................##...#######
#.......###....o..........######
#.....!.......o@........#....#..
####............................
########..............#####..
##############........ #########


You could see an orc priest and an orc.

Vanquished Creatures
  An adder (D:2)
  6 ball pythons
  2 bats (D:2)
  4 endoplasms
  A goblin (D:1)
  3 hobgoblins (D:1)
  3 kobolds
  5 quokkas
  2 frilled lizards (D:1)
  3 rats
30 creatures vanquished.

Notes
Turn   | Place    | Note
-------+----------+-------------------------------------------
     0 | D:1      | qw the Spriggan Hunter began the quest for the Orb.
     0 | D:1      | Reached XP level 1. HP: 10/10 MP: 2/2
     0 | D:1      | 0 ||| qw: Version: 0.3-a-155-g5e7d8dd
     0 | D:1      | 0 ||| qw: Game counter: 2512
     0 | D:1      | 0 ||| qw: Melee chars always use a shield: true
     0 | D:1      | 0 ||| qw: God list: Okawaru
     0 | D:1      | 0 ||| qw: Allow faded altars: false
     0 | D:1      | 0 ||| qw: Do Orc after clearing Dungeon:15 true
     0 | D:1      | 0 ||| qw: Do second Lair branch before Depths: true
     0 | D:1      | 0 ||| qw: Lair rune preference: random
     0 | D:1      | 0 ||| qw: Goals: Normal
     0 | D:1      | 0 ||| PLANNING D:1-11
    30 | D:1      | Reached skill level 3 in Dodging
    72 | D:1      | Reached XP level 2. HP: 14/14 MP: 3/3
   520 | D:1      | 520 ||| READING scroll labelled DAQITO BOLYNI.
   526 | D:1      | 526 ||| READING scroll labelled RAFRORCHEBYCS.
   537 | D:1      | 537 ||| READING scroll labelled LYUNIUN TOUVU.
   537 | D:1      | 537 ||| ENCHANTING +0 shortbow.
   546 | D:1      | 546 ||| READING scroll labelled TURIUC QEDAIFE.
   649 | D:1      | 649 ||| READING scroll labelled PICVAMP CIRENT.
   654 | D:1      | 654 ||| DROPPING scroll of butterflies.
   677 | D:2      | Reached XP level 3. HP: 18/18 MP: 4/4
   833 | D:2      | Found a shadowy altar of Dithmenos.
  1206 | D:2      | 1206 ||| READING 2 scrolls labelled WITOSI AGOX.
  1206 | D:2      | 1206 ||| ENCHANTING +1 shortbow.
  1207 | D:2      | 1207 ||| READING scroll labelled SAMEAB VYUMM.
  1208 | D:2      | 1208 ||| DRINKING 2 emerald potions.
  1209 | D:2      | 1209 ||| DROPPING potion of brilliance.
  1221 | D:3      | 1221 ||| STAIRDANCE
  1225 | D:2      | Slain by an orc priest

Levels and vault maps discovered:
D:1:      lightli_molten_gateway, layout_rooms, lemuel_flame_loot_1
D:2:      layout_rooms, basic_altar, roderic_lattice_a, mrwooster_statue_mirror
D:3:      layout_basic

Skill      XL: |  1  2 |
---------------+-------+-----
Dodging        | 3 4 |  4.0
Fighting       | |  1.5
Ranged Weapons | |  4.7
Stealth        | |  1.5

Action                     || total
---------------------------++-------
   Fire: Shortbow          ||    70
    Use: Scroll            ||     7
         Potion            ||     1
 Armour: Robe              ||     2
  Dodge: Dodged            ||    17

Table legend:
 A = Non-vault XP
 B = Vault XP
 C = Vault XP percentage of total XP
 D = Non-vault monster count
 E = Vault monster count
 F = Vault count percentage of total count
                 A         B        C        D         E       F
            +---------+---------+-------+---------+---------+-------
      Total |      62 |       0 |   0.0 |      30 |       0 |   0.0
            +---------+---------+-------+---------+---------+-------
        D:1 |      28 |       0 |   0.0 |      16 |       0 |   0.0
        D:2 |      34 |       0 |   0.0 |      14 |       0 |   0.0
            +---------+---------+-------+---------+---------+-------
